 Dungeon Crawl Stone Soup version 0.29-a0-103-g37f86683bf (webtiles) character file.

Game seed: 18367412381594181069

31 drugrobin the Grasshopper (level 2, 0/25 HPs)
             Began as a Demigod Warper on Feb 16, 2022.
             Succumbed to an adder's poison
             ... on level 1 of the Dungeon.
             The game lasted 00:05:22 (1794 turns).

drugrobin the Grasshopper (Demigod Warper)          Turns: 1794, Time: 00:05:23

Health: 0/25       AC:  3    Str: 12    XL:     2   Next: 90%
Magic:  7/7        EV: 11    Int: 15    God:
Gold:   61         SH:  0    Dex: 13    Spells: 4/4 levels left

rFire   . . .      SeeInvis .   a - +0 spear
rCold   . . .      Faith    .   (no shield)
rNeg    . . .      Spirit   .   b - +0 leather armour
rPois   .          Reflect  .   (no helmet)
rElec   .          Harm     .   (no cloak)
rCorr   .          Rampage  .   (no gloves)
Will    .....                   (no boots)
Stlth   +.........              (no amulet)
HPRegen 0.08/turn               (no ring)
MPRegen 0.10/turn               (no ring)

@: lethally poisoned (0 -> -9), invisible
A: high MP 1, forlorn, divine attributes
a: no special abilities


You were on level 1 of the Dungeon.
You visited 1 branch of the dungeon, and saw 2 of its levels.

You collected 111 gold pieces.
You spent 50 gold pieces at shops.

Inventory:

Hand Weapons
 a - a +0 spear (weapon)
Missiles
 d - 5 boomerangs of dispersal
 e - 44 bolts
 f - 12 stones (quivered)
 i - 6 poisoned darts
Armour
 b - a +0 leather armour (worn)
Scrolls
 g - a scroll of fear {unknown}
Potions
 h - a potion of brilliance
 j - a potion of lignification
 k - 2 potions of invisibility


   Skills:
 + Level 2.6 Fighting
 + Level 2.5 Polearms
 - Level 0.8 Throwing
 - Level 0.8 Armour
 - Level 1.7 Dodging
 - Level 1.7 Spellcasting
 - Level 2.6 Translocations


You had 4 spell levels left.
You didn't know any spells.
Your spell library contained the following spells:

 Spells                   Type           Power      Damage    Failure   Level
 Blink                    Tloc           18%        N/A       14%         2
 Gell's Gravitas          Tloc           9%         N/A       28%         3
 Lesser Beckoning         Tloc           9%         N/A       28%         3
 Teleport Other           Tloc           9%         N/A       28%         3
 Manifold Assault         Tloc           9%         N/A       95%         5


Dungeon Overview and Level Annotations

Branches:
Dungeon (2/15)

Shops:
D:1 *

Annotations:
D:2 Sigmund


Innate Abilities, Weirdness & Mutations

You have an increased reservoir of magic. (+10% MP)
You shall have no god before yourself.
Your divine heritage dramatically boosts your attributes as you level up.


Message History

Sigmund flickers and vanishes!
Deactivating autopickup; reactivate with Ctrl-A.
A magic dart appears from out of thin air!
The magic dart hits you!
A magic dart appears from out of thin air!
The magic dart hits you.
A goblin comes into view. It is wielding a +2 dagger of venom.
The goblin shouts!
The goblin throws a stone.
The stone barely misses you.
The goblin throws a stone.
The stone barely misses you.
Press: ? - help, v - describe, . - travel
Here: a goblin, wielding a +2 dagger of venom and quivering stones The floor.
An adder comes into view.
Okay, then.
Blink to where?
Press: ? - help, Dir - move target
As you read the scroll of blinking, it crumbles to dust.
The goblin throws a stone.
The stone hits you.
The adder hisses angrily.
The goblin throws a stone.
The stone barely misses you.
Unknown command.
Unknown command.
The adder bites you.
You are poisoned.
The adder poisons you!
You feel sick.
You fade into invisibility!
You feel sick. The adder barely misses you.
Unknown command.
You feel sick. The adder misses you.
There is a stone staircase leading up here.
Unknown command.
You feel sick. The adder bites you.
* * * LOW HITPOINT WARNING * * *
You are more poisoned.
The adder poisons you!
You climb upwards.
Reactivating autopickup.
You die...

##..#####.###.##.##.#
#..# #....###.##.#
#..# #.#### #.##.#
##..# #.# #.##)#
.#..# #.## #.##.#
.#..## #..# #.##.#
.#...#####.#####.##.#
...).##.........S...#
.#..>##.##.#####@####
.#.####.##.# #.#
.#.####.##.# #.#
.#......##.# #.#
........##.# #.#
.######.##.#####.# .#
#..........# .#
####.####### ## #.#


You could see an adder.

Vanquished Creatures
  2 worms (D:2)
  A giant cockroach (D:1)
  A goblin (D:1)
  2 hobgoblins
  3 quokkas (D:1)
  2 ball pythons
  5 bats
  A frilled lizard (D:1)
  6 kobolds (D:1)
  2 rats
25 creatures vanquished.

Notes
Turn   | Place    | Note
-------+----------+-------------------------------------------
     0 | D:1      | drugrobin the Demigod Warper began the quest for the Orb.
     0 | D:1      | Reached XP level 1. HP: 17/17 MP: 5/5
   602 | D:1      | Reached XP level 2. HP: 24/24 MP: 7/7
   668 | D:1      | Found Gyjixtir's General Store.
   677 | D:1      | Bought a scroll of identify for 20 gold pieces
   677 | D:1      | Bought a potion of lignification for 30 gold pieces
  1752 | D:2      | Noticed Sigmund
  1794 | D:1      | Succumbed to an adder's poison

Illustrated notes

Levels and vault maps discovered:
D:1:      lightli_arrival_quake, layout_loops_ring, serial_shops, shop_statue,
          minmay_pentomino_o2
D:2:      layout_basic, nicolae_ecumenical_lake_church, supply_closet_lemuel,
          uniq_sigmund

Skill      XL: |  1 |
---------------+----+-----
Fighting       | 2 |  2.6
Polearms       | 2 |  2.5
Throwing       | |  0.8
Armour         | |  0.8
Dodging        | |  1.7
Spellcasting   | |  1.7
Translocations | |  2.6

Action                   || total
-------------------------++-------
Melee: Spear             ||   125
       Punch             ||     1
Throw: Stone             ||     9
       Dart              ||     2
  Use: Scroll            ||     3
       Potion            ||     1
Armor: Leather armour    ||    17
Dodge: Dodged            ||    39

Table legend: (Time is in decaauts)
 A = Elapsed time spent in this place.
 B = Non-inter-level travel time spent in this place.
 C = Inter-level travel time spent in this place.
 D = Time resting spent in this place.
 E = Time spent auto-exploring this place.
 F = Levels seen in this place.
 G = Mean time per level.
                   A        B        C        D        E       F      G
               +--------+--------+--------+--------+--------+-----+--------+
         Total |   1792 |   1783 |      9 |    435 |    983 |   2 |  896.0 |
       Dungeon |   1792 |   1783 |      9 |    435 |    983 |   2 |  896.0 |
               +--------+--------+--------+--------+--------+-----+--------+

Top non-repeatable levels by time:
     D:1: 1116 daAuts
     D:2: 675 daAuts
